Flyers vs Bruins

Created - April 11 2012 at 17:57

Goals
1 2 3 T
Flyers 1 0 0 1
Bruins 1 0 2 3
Shots
1 2 3 T
Flyers 11 10 7 28
Bruins 12 10 15 37

Period #1

1. Flyers , Brendan Morrison 2 (Ilya Kovalchuk, Nikolai Kulemin) at 5:55 (PP)
2. Bruins , Nathan Horton 1 (Dennis Seidenberg, Patrice Bergeron) at 16:28

Penalties :
Matt Smaby (PHI) for Boarding (Minor) at 0:41, Derick Brassard (BOS) for Interference (Minor) at 5:32, Zdeno Chara (BOS) for Tripping (Minor) at 6:21, Andreas Lilja (PHI) for Tripping (Minor) at 16:48

Period #2

No Goal

Penalties :
Evander Kane (BOS) for Roughing (Minor) at 0:36, Dennis Seidenberg (BOS) for Goalie Interference (Minor) at 5:18, Zdeno Chara (BOS) for Hooking (Minor) at 12:18, Justin Williams (PHI) for High sticking (Minor) at 17:09, Chris Kunitz (BOS) for Holding (Minor) at 18:04

Period #3

3. Bruins , Jordan Leopold 2 (David Krejci, Tobias Enstrom) at 8:30
4. Bruins , David Krejci 2 (Chris Kunitz, Zdeno Chara) at 9:42 (PP)

Penalties :
Andreas Lilja (PHI) for Hooking (Minor) at 0:36, Derick Brassard (BOS) for Tripping (Minor) at 3:24, Matt DAgostini (PHI) for Roughing (Minor) at 9:26, Matt Smaby (PHI) for Hooking (Minor) at 11:52, Matt Smaby (PHI) for Tripping (Minor) at 16:13

Goalie Stats

Tomas Vokoun (PHI), 34 saves from 37 shots - (0.919), L, 0-2-0, 60:00 minutes
Cam Ward (BOS), 27 saves from 28 shots - (0.964), W, 2-0-0, 60:00 minutes

Players Stats

Flyers
Player Name              G  A  P  +/- PIM S  H  SB FO    MP 
------------------------------------------------------------
Andreas Lilja            0  0  0   0  4   1  1  1  0/0   15 
Brad Boyes               0  0  0   0  0   0  0  1  0/0   5  
Brendan Morrison         1  0  1  -1  0   2  1  0  11/22 20 
Chris Pronger            0  0  0  -1  0   1  2  2  0/0   22 
Dustin Penner            0  0  0  -1  0   2  1  0  1/1   20 
Ilya Kovalchuk           0  1  1  -1  0   5  1  0  0/0   15 
John Madden              0  0  0   0  0   1  0  0  8/12  11 
Justin Williams          0  0  0  -1  2   3  0  1  0/3   19 
Ladislav Smid            0  0  0  -1  0   0  1  1  0/0   23 
Marc-Andre Bergeron      0  0  0  -1  0   1  0  0  0/0   19 
Matt DAgostini           0  0  0   0  2   2  2  0  1/2   11 
Matt Smaby               0  0  0   0  6   1  1  1  0/0   16 
Mike Santorelli          0  0  0   0  0   2  0  0  9/20  19 
Niklas Hagman            0  0  0   0  0   3  2  0  1/1   18 
Nikolai Kulemin          0  1  1  -1  0   2  3  0  1/2   15 
Pascal Dupuis            0  0  0   0  0   0  0  0  0/0   1  
Rostislav Klesla         0  0  0  -1  0   1  2  0  0/0   21 
Tim Connolly             0  0  0  -1  0   1  2  0  6/13  19 
Bruins
Player Name              G  A  P  +/- PIM S  H  SB FO    MP 
------------------------------------------------------------
Adam McQuaid             0  0  0   0  0   0  3  1  0/0   16 
Ales Hemsky              0  0  0   1  0   3  0  0  0/1   18 
Brad Marchand            0  0  0   0  0   3  1  0  1/2   14 
Chris Kelly              0  0  0   0  0   1  1  0  4/10  11 
Chris Kunitz             0  1  1   1  2   5  1  0  2/3   18 
David Krejci             1  1  2   1  0   4  0  0  15/24 22 
Dennis Seidenberg        0  1  1   1  2   2  0  0  0/0   23 
Derick Brassard          0  0  0   0  4   3  1  0  3/10  11 
Evander Kane             0  0  0   0  2   0  0  0  0/0   10 
Jordan Leopold           1  0  1   1  0   5  1  1  0/0   20 
Milan Lucic              0  0  0   1  0   2  3  0  2/3   16 
Nathan Horton            1  0  1   1  0   2  0  0  1/1   12 
Patrice Bergeron         0  1  1   1  0   0  0  0  8/16  12 
Rich Peverley            0  0  0   0  0   1  1  0  0/0   10 
Tobias Enstrom           0  1  1   1  0   0  0  2  0/0   19 
Tyler Seguin             0  0  0   0  0   1  1  0  2/6   14 
Zach Bogosian            0  0  0   0  0   2  1  0  0/0   18 
Zdeno Chara              0  1  1   1  4   3  2  0  0/0   23 

3 Stars

1 - Cam Ward (BOS)
2 - David Krejci (BOS)
3 - Jordan Leopold (BOS)

Power Play

Flyers - 1 on 7 Attempt(s) - 14.29%
Bruins - 1 on 7 Attempt(s) - 14.29%

Penalty Kill

Flyers - 6 on 7 Attempt(s) - 85.71% - Score 0 goal in Penalty Kill
Bruins - 6 on 7 Attempt(s) - 85.71% - Score 0 goal in Penalty Kill

Game Notes

No Game Note

Finance

Level 1 -- Attendance: 6500 (100.00%) -- Ticket Income $487,500.00
Level 2 -- Attendance: 5000 (100.00%) -- Ticket Income $250,000.00
Level 3 -- Attendance: 3500 (100.00%) -- Ticket Income $105,000.00
Level 4 -- Attendance: 1565 (100.00%) -- Ticket Income $31,300.00
Luxury Box -- Attendance: 1000 (100.00%) -- Ticket Income $150,000.00
Game was played at the TD Garden
Total Attendance: 17565 (100.00%)
Total Ticket Income: $1,024,202.00
Other Income: $307,260.54
Total Income: $1,331,463.00


Play by Play

Period #1

0:01 of 1st period - Patrice Bergeron wins face-off versus Brendan Morrison in neutral zone.
0:17 of 1st period - Icing by Zdeno Chara.
0:18 of 1st period - Milan Lucic wins face-off versus Justin Williams in Bruins zone.
0:35 of 1st period - Shot by Justin Williams.
0:35 of 1st period - Stopped by Cam Ward without a rebound.
0:36 of 1st period - Chris Kunitz wins face-off versus Mike Santorelli in Bruins zone.
0:36 of 1st period - Chris Kunitz is hit by Matt DAgostini.
0:41 of 1st period - Minor Penalty to Matt Smaby for Boarding.
0:42 of 1st period - John Madden wins face-off versus David Krejci in Flyers zone.
2:51 of 1st period - Shot by Zach Bogosian.
2:51 of 1st period - Stopped by Tomas Vokoun without a rebound.
2:52 of 1st period - Tim Connolly wins face-off versus Chris Kelly in Flyers zone.
3:07 of 1st period - Shot by Justin Williams.
3:07 of 1st period - Shot Blocked by Adam McQuaid.
4:18 of 1st period - Shot by Ales Hemsky.
4:18 of 1st period - Stopped by Tomas Vokoun with a rebound.
4:28 of 1st period - Shot by Chris Kunitz.
4:28 of 1st period - Shot Blocked by Justin Williams.
5:32 of 1st period - Minor Penalty to Derick Brassard for Interference.
5:33 of 1st period - Brendan Morrison wins face-off versus Patrice Bergeron in Bruins zone.
5:34 of 1st period - Shot by Ilya Kovalchuk.
5:34 of 1st period - Stopped by Cam Ward with a rebound.
5:36 of 1st period - Shot by Matt Smaby.
5:36 of 1st period - Stopped by Cam Ward without a rebound.
5:37 of 1st period - Brendan Morrison wins face-off versus David Krejci in Bruins zone.
5:40 of 1st period - Shot by Ilya Kovalchuk.
5:40 of 1st period - Deflect By Nikolai Kulemin.
5:40 of 1st period - Shot Misses the Net.
5:53 of 1st period - Shot by Ilya Kovalchuk.
5:53 of 1st period - Stopped by Cam Ward with a rebound.
5:55 of 1st period - Shot by Brendan Morrison.
5:55 of 1st period - Goal by Brendan Morrison - Flyers : 1 - Bruins : 0.
5:56 of 1st period - Chris Kunitz wins face-off versus Mike Santorelli in neutral zone.
6:02 of 1st period - Shot by Andreas Lilja.
6:02 of 1st period - Shot Blocked by Tobias Enstrom.
6:04 of 1st period - Shot by Niklas Hagman.
6:04 of 1st period - Stopped by Cam Ward with a rebound.
6:06 of 1st period - Shot by Niklas Hagman.
6:06 of 1st period - Stopped by Cam Ward without a rebound.
6:07 of 1st period - Brendan Morrison wins face-off versus Derick Brassard in Bruins zone.
6:14 of 1st period - Shot by Ilya Kovalchuk.
6:14 of 1st period - Shot Misses the Net.
6:16 of 1st period - Shot by Brendan Morrison.
6:16 of 1st period - Shot Misses the Net.
6:18 of 1st period - Shot by Ilya Kovalchuk.
6:18 of 1st period - Shot Misses the Net.
6:21 of 1st period - Minor Penalty to Zdeno Chara for Tripping.
6:22 of 1st period - Brendan Morrison wins face-off versus Patrice Bergeron in Bruins zone.
6:29 of 1st period - Shot by Nikolai Kulemin.
6:29 of 1st period - Deflect By Ilya Kovalchuk.
6:29 of 1st period - Shot Misses the Net.
6:31 of 1st period - Shot by Nikolai Kulemin.
6:31 of 1st period - Stopped by Cam Ward without a rebound.
6:32 of 1st period - Patrice Bergeron wins face-off versus Brendan Morrison in Bruins zone.
7:42 of 1st period - Zach Bogosian is hit by Niklas Hagman and loses puck.
8:30 of 1st period - Shot by Mike Santorelli.
8:30 of 1st period - Stopped by Cam Ward with a rebound.
9:12 of 1st period - Shot by Derick Brassard.
9:12 of 1st period - Shot Misses the Net.
9:26 of 1st period - Shot by Derick Brassard.
9:26 of 1st period - Stopped by Tomas Vokoun with a rebound.
9:28 of 1st period - Shot by Evander Kane.
9:28 of 1st period - Shot Misses the Net.
9:30 of 1st period - Shot by Evander Kane.
9:30 of 1st period - Deflect By Derick Brassard.
9:30 of 1st period - Stopped by Tomas Vokoun without a rebound.
9:31 of 1st period - Brendan Morrison wins face-off versus Chris Kelly in Flyers zone.
9:31 of 1st period - Brendan Morrison is hit by Adam McQuaid.
10:00 of 1st period - Icing by Brendan Morrison.
10:01 of 1st period - Patrice Bergeron wins face-off versus Brendan Morrison in Flyers zone.
11:49 of 1st period - Niklas Hagman is hit by Jordan Leopold and loses puck.
11:56 of 1st period - Shot by Mike Santorelli.
11:56 of 1st period - Shot Misses the Net.
11:58 of 1st period - Shot by Matt DAgostini.
11:58 of 1st period - Stopped by Cam Ward without a rebound.
11:59 of 1st period - Tim Connolly wins face-off versus Derick Brassard in Bruins zone.
12:20 of 1st period - Shot by Tim Connolly.
12:20 of 1st period - Deflect By Dustin Penner.
12:20 of 1st period - Shot Misses the Net.
12:26 of 1st period - Shot by Justin Williams.
12:26 of 1st period - Shot Misses the Net.
13:06 of 1st period - John Madden is hit by Brad Marchand and loses puck.
14:39 of 1st period - Shot by Rich Peverley.
14:39 of 1st period - Stopped by Tomas Vokoun without a rebound.
14:40 of 1st period - Tim Connolly wins face-off versus David Krejci in Flyers zone.
14:57 of 1st period - Shot by Justin Williams.
14:57 of 1st period - Shot Misses the Net.
15:25 of 1st period - Shot by Nikolai Kulemin.
15:25 of 1st period - Shot Misses the Net.
15:29 of 1st period - Shot by Chris Pronger.
15:29 of 1st period - Shot Misses the Net.
15:38 of 1st period - Icing by Tobias Enstrom.
15:39 of 1st period - David Krejci wins face-off versus Tim Connolly in Bruins zone.
15:39 of 1st period - David Krejci is hit by Dustin Penner.
16:00 of 1st period - Brad Boyes is hit by Tyler Seguin and loses puck.
16:05 of 1st period - Shot by Dennis Seidenberg.
16:05 of 1st period - Shot Misses the Net.
16:14 of 1st period - Off-side.
16:15 of 1st period - Patrice Bergeron wins face-off versus Brendan Morrison in neutral zone.
16:28 of 1st period - Shot by Nathan Horton.
16:28 of 1st period - Goal by Nathan Horton - Flyers : 1 - Bruins : 1.
16:29 of 1st period - Chris Kelly wins face-off versus John Madden in neutral zone.
16:36 of 1st period - Shot by Dennis Seidenberg.
16:36 of 1st period - Stopped by Tomas Vokoun without a rebound.
16:37 of 1st period - Nathan Horton wins face-off versus Mike Santorelli in Flyers zone.
16:37 of 1st period - Patrice Bergeron is hit by Andreas Lilja and loses puck.
16:42 of 1st period - Shot by Patrice Bergeron.
16:42 of 1st period - Shot Misses the Net.
16:44 of 1st period - Shot by Zdeno Chara.
16:44 of 1st period - Stopped by Tomas Vokoun with a rebound.
16:46 of 1st period - Shot by Patrice Bergeron.
16:46 of 1st period - Shot Blocked by Brad Boyes.
16:48 of 1st period - Shot by Zdeno Chara.
16:48 of 1st period - Stopped by Tomas Vokoun without a rebound.
16:48 of 1st period - Minor Penalty to Andreas Lilja for Tripping.
16:49 of 1st period - John Madden wins face-off versus Tyler Seguin in Flyers zone.
17:04 of 1st period - Shot by Milan Lucic.
17:04 of 1st period - Shot Misses the Net.
17:06 of 1st period - Shot by Dennis Seidenberg.
17:06 of 1st period - Deflect By Milan Lucic.
17:06 of 1st period - Stopped by Tomas Vokoun without a rebound.
17:07 of 1st period - David Krejci wins face-off versus John Madden in Flyers zone.
17:10 of 1st period - Shot by Chris Kunitz.
17:10 of 1st period - Stopped by Tomas Vokoun without a rebound.
17:11 of 1st period - David Krejci wins face-off versus Mike Santorelli in Flyers zone.
17:24 of 1st period - Shot by Tobias Enstrom.
17:24 of 1st period - Shot Blocked by Chris Pronger.
18:08 of 1st period - Shot by John Madden.
18:08 of 1st period - Stopped by Cam Ward with a rebound.
18:20 of 1st period - Shot by Milan Lucic.
18:20 of 1st period - Stopped by Tomas Vokoun without a rebound.
18:21 of 1st period - Mike Santorelli wins face-off versus Chris Kunitz in Flyers zone.
18:43 of 1st period - Shot by David Krejci.
18:43 of 1st period - Shot Misses the Net.
18:45 of 1st period - Shot by David Krejci.
18:45 of 1st period - Shot Misses the Net.
19:18 of 1st period - Shot by Justin Williams.
19:18 of 1st period - Deflect By Tim Connolly.
19:18 of 1st period - Shot Misses the Net.

Period #2

0:01 of 2nd period - Brendan Morrison wins face-off versus Patrice Bergeron in neutral zone.
0:19 of 2nd period - Off-side.
0:20 of 2nd period - David Krejci wins face-off versus Tim Connolly in neutral zone.
0:35 of 2nd period - Shot by David Krejci.
0:35 of 2nd period - Stopped by Tomas Vokoun without a rebound.
0:36 of 2nd period - Mike Santorelli wins face-off versus Derick Brassard in Flyers zone.
0:36 of 2nd period - Minor Penalty to Evander Kane for Roughing.
0:37 of 2nd period - Brendan Morrison wins face-off versus Patrice Bergeron in Bruins zone.
1:30 of 2nd period - Shot by Tim Connolly.
1:30 of 2nd period - Shot Misses the Net.
1:32 of 2nd period - Shot by Justin Williams.
1:32 of 2nd period - Stopped by Cam Ward without a rebound.
1:33 of 2nd period - David Krejci wins face-off versus Justin Williams in Bruins zone.
2:21 of 2nd period - Icing by Chris Pronger.
2:22 of 2nd period - Patrice Bergeron wins face-off versus Brendan Morrison in Flyers zone.
2:22 of 2nd period - Milan Lucic is hit by Chris Pronger and loses puck.
2:35 of 2nd period - Shot by Chris Pronger.
2:35 of 2nd period - Stopped by Cam Ward without a rebound.
2:36 of 2nd period - David Krejci wins face-off versus Mike Santorelli in Bruins zone.
3:01 of 2nd period - Shot by David Krejci.
3:01 of 2nd period - Stopped by Tomas Vokoun without a rebound.
3:02 of 2nd period - Brendan Morrison wins face-off versus Chris Kelly in Flyers zone.
3:16 of 2nd period - Adam McQuaid is hit by Ilya Kovalchuk and loses puck.
3:40 of 2nd period - Shot by Chris Kelly.
3:40 of 2nd period - Stopped by Tomas Vokoun without a rebound.
3:41 of 2nd period - Derick Brassard wins face-off versus Justin Williams in Flyers zone.
3:44 of 2nd period - Shot by Derick Brassard.
3:44 of 2nd period - Stopped by Tomas Vokoun with a rebound.
3:48 of 2nd period - Shot by Brad Marchand.
3:48 of 2nd period - Stopped by Tomas Vokoun with a rebound.
3:50 of 2nd period - Shot by Evander Kane.
3:50 of 2nd period - Shot Misses the Net.
3:54 of 2nd period - Shot by Zdeno Chara.
3:54 of 2nd period - Stopped by Tomas Vokoun with a rebound.
3:58 of 2nd period - Shot by Brad Marchand.
3:58 of 2nd period - Stopped by Tomas Vokoun with a rebound.
4:10 of 2nd period - Shot by Brad Marchand.
4:10 of 2nd period - Stopped by Tomas Vokoun without a rebound.
4:11 of 2nd period - Mike Santorelli wins face-off versus Ales Hemsky in Flyers zone.
4:16 of 2nd period - David Krejci is hit by Matt DAgostini and loses puck.
4:29 of 2nd period - Shot by Matt DAgostini.
4:29 of 2nd period - Stopped by Cam Ward with a rebound.
4:33 of 2nd period - Shot by Matt DAgostini.
4:33 of 2nd period - Shot Blocked by Tobias Enstrom.
4:51 of 2nd period - Shot by Matt DAgostini.
4:51 of 2nd period - Shot Misses the Net.
5:18 of 2nd period - Minor Penalty to Dennis Seidenberg for Goalie Interference.
5:19 of 2nd period - Patrice Bergeron wins face-off versus Brendan Morrison in Bruins zone.
5:30 of 2nd period - Adam McQuaid is hit by Nikolai Kulemin and loses puck.
7:24 of 2nd period - Icing by Jordan Leopold.
7:25 of 2nd period - John Madden wins face-off versus David Krejci in Bruins zone.
7:30 of 2nd period - Shot by Mike Santorelli.
7:30 of 2nd period - Stopped by Cam Ward with a rebound.
7:50 of 2nd period - Shot by Ales Hemsky.
7:50 of 2nd period - Stopped by Tomas Vokoun without a rebound.
7:51 of 2nd period - Brad Marchand wins face-off versus Matt DAgostini in Flyers zone.
8:08 of 2nd period - Icing by Chris Pronger.
8:09 of 2nd period - Mike Santorelli wins face-off versus Chris Kelly in Flyers zone.
8:09 of 2nd period - Mike Santorelli is hit by Rich Peverley.
8:59 of 2nd period - Shot by Ales Hemsky.
8:59 of 2nd period - Shot Misses the Net.
9:02 of 2nd period - Icing by Chris Pronger.
9:03 of 2nd period - Patrice Bergeron wins face-off versus Mike Santorelli in Flyers zone.
9:10 of 2nd period - Chris Pronger is hit by Milan Lucic and loses puck.
9:32 of 2nd period - Icing by Andreas Lilja.
9:33 of 2nd period - Matt DAgostini wins face-off versus David Krejci in Flyers zone.
10:21 of 2nd period - David Krejci is hit by Tim Connolly.
10:32 of 2nd period - Icing by David Krejci.
10:33 of 2nd period - Nikolai Kulemin wins face-off versus David Krejci in Bruins zone.
11:41 of 2nd period - Shot by Justin Williams.
11:41 of 2nd period - Deflect By Dustin Penner.
11:41 of 2nd period - Stopped by Cam Ward with a rebound.
11:45 of 2nd period - Shot by Ladislav Smid.
11:45 of 2nd period - Shot Misses the Net.
11:48 of 2nd period - Dustin Penner is hit by Zdeno Chara and loses puck.
12:02 of 2nd period - Zdeno Chara is hit by Nikolai Kulemin and loses puck.
12:13 of 2nd period - Shot by Ilya Kovalchuk.
12:13 of 2nd period - Shot Misses the Net.
12:15 of 2nd period - Shot by Brendan Morrison.
12:15 of 2nd period - Shot Misses the Net.
12:18 of 2nd period - Minor Penalty to Zdeno Chara for Hooking.
12:19 of 2nd period - Tim Connolly wins face-off versus Patrice Bergeron in Bruins zone.
13:09 of 2nd period - Shot by Chris Pronger.
13:09 of 2nd period - Shot Misses the Net.
13:11 of 2nd period - Shot by Ilya Kovalchuk.
13:11 of 2nd period - Shot Misses the Net.
14:08 of 2nd period - John Madden is hit by Milan Lucic and loses puck.
15:05 of 2nd period - Shot by Ilya Kovalchuk.
15:05 of 2nd period - Shot Misses the Net.
15:07 of 2nd period - Shot by Rostislav Klesla.
15:07 of 2nd period - Stopped by Cam Ward with a rebound.
15:11 of 2nd period - Shot by Brendan Morrison.
15:11 of 2nd period - Stopped by Cam Ward without a rebound.
15:12 of 2nd period - Niklas Hagman wins face-off versus Chris Kelly in Bruins zone.
16:01 of 2nd period - Shot by Ilya Kovalchuk.
16:01 of 2nd period - Stopped by Cam Ward without a rebound.
16:02 of 2nd period - Mike Santorelli wins face-off versus Derick Brassard in Bruins zone.
16:26 of 2nd period - Matt DAgostini is hit by Zdeno Chara.
17:09 of 2nd period - Minor Penalty to Justin Williams for High sticking.
17:10 of 2nd period - Tyler Seguin wins face-off versus John Madden in Flyers zone.
17:17 of 2nd period - Shot by Nathan Horton.
17:17 of 2nd period - Shot Misses the Net.
17:26 of 2nd period - Dennis Seidenberg is hit by Chris Pronger and loses puck.
17:39 of 2nd period - Shot by Milan Lucic.
17:39 of 2nd period - Shot Blocked by Chris Pronger.
17:59 of 2nd period - Shot by Chris Kunitz.
17:59 of 2nd period - Stopped by Tomas Vokoun without a rebound.
18:00 of 2nd period - David Krejci wins face-off versus John Madden in Flyers zone.
18:03 of 2nd period - Shot by Chris Kunitz.
18:03 of 2nd period - Shot Misses the Net.
18:04 of 2nd period - Minor Penalty to Chris Kunitz for Holding.
18:05 of 2nd period - Chris Kelly wins face-off versus Nikolai Kulemin in Bruins zone.
18:22 of 2nd period - Shot by Ilya Kovalchuk.
18:22 of 2nd period - Stopped by Cam Ward with a rebound.
18:34 of 2nd period - Shot by Chris Kelly.
18:34 of 2nd period - Shot Misses the Net.
19:26 of 2nd period - Shot by Marc-Andre Bergeron.
19:26 of 2nd period - Stopped by Cam Ward without a rebound.
19:27 of 2nd period - David Krejci wins face-off versus Tim Connolly in Bruins zone.

Period #3

0:01 of 3rd period - Brendan Morrison wins face-off versus Patrice Bergeron in neutral zone.
0:17 of 3rd period - Chris Kunitz is hit by Matt Smaby and loses puck.
0:24 of 3rd period - Shot by Ales Hemsky.
0:24 of 3rd period - Shot Misses the Net.
0:36 of 3rd period - Minor Penalty to Andreas Lilja for Hooking.
0:37 of 3rd period - John Madden wins face-off versus Tyler Seguin in Flyers zone.
2:13 of 3rd period - Shot by Dennis Seidenberg.
2:13 of 3rd period - Shot Misses the Net.
2:15 of 3rd period - Shot by Nathan Horton.
2:15 of 3rd period - Shot Misses the Net.
2:17 of 3rd period - Shot by Milan Lucic.
2:17 of 3rd period - Shot Misses the Net.
2:19 of 3rd period - Shot by Milan Lucic.
2:19 of 3rd period - Shot Blocked by Matt Smaby.
2:21 of 3rd period - Shot by Nathan Horton.
2:21 of 3rd period - Shot Misses the Net.
2:27 of 3rd period - Shot by Nathan Horton.
2:27 of 3rd period - Stopped by Tomas Vokoun with a rebound.
2:29 of 3rd period - Shot by Dennis Seidenberg.
2:29 of 3rd period - Shot Misses the Net.
2:31 of 3rd period - Shot by Zach Bogosian.
2:31 of 3rd period - Stopped by Tomas Vokoun with a rebound.
2:40 of 3rd period - Icing by Tim Connolly.
2:41 of 3rd period - Tim Connolly wins face-off versus Derick Brassard in Flyers zone.
3:24 of 3rd period - Minor Penalty to Derick Brassard for Tripping.
3:25 of 3rd period - Brendan Morrison wins face-off versus Patrice Bergeron in Bruins zone.
3:27 of 3rd period - Ilya Kovalchuk is hit by Adam McQuaid and loses puck.
3:54 of 3rd period - Shot by Ilya Kovalchuk.
3:54 of 3rd period - Stopped by Cam Ward without a rebound.
3:55 of 3rd period - David Krejci wins face-off versus Tim Connolly in Bruins zone.
4:03 of 3rd period - Off-side.
4:04 of 3rd period - Tim Connolly wins face-off versus Brad Marchand in neutral zone.
4:23 of 3rd period - Shot by Tim Connolly.
4:23 of 3rd period - Shot Misses the Net.
4:25 of 3rd period - Shot by Rostislav Klesla.
4:25 of 3rd period - Deflect By Dustin Penner.
4:25 of 3rd period - Stopped by Cam Ward without a rebound.
4:26 of 3rd period - Patrice Bergeron wins face-off versus Brendan Morrison in Bruins zone.
5:24 of 3rd period - Icing by Dennis Seidenberg.
5:25 of 3rd period - David Krejci wins face-off versus Mike Santorelli in Bruins zone.
5:42 of 3rd period - Shot by Matt DAgostini.
5:42 of 3rd period - Shot Misses the Net.
5:44 of 3rd period - Shot by Matt Smaby.
5:44 of 3rd period - Shot Blocked by Jordan Leopold.
5:46 of 3rd period - Shot by Andreas Lilja.
5:46 of 3rd period - Stopped by Cam Ward without a rebound.
5:47 of 3rd period - Chris Kelly wins face-off versus Tim Connolly in Bruins zone.
5:59 of 3rd period - Shot by Justin Williams.
5:59 of 3rd period - Shot Misses the Net.
6:05 of 3rd period - Shot by Tim Connolly.
6:05 of 3rd period - Stopped by Cam Ward without a rebound.
6:06 of 3rd period - Mike Santorelli wins face-off versus Derick Brassard in Bruins zone.
6:06 of 3rd period - Andreas Lilja is hit by Zach Bogosian.
6:16 of 3rd period - Mike Santorelli is hit by Derick Brassard and loses puck.
7:08 of 3rd period - Marc-Andre Bergeron is hit by Chris Kunitz and loses puck.
7:13 of 3rd period - Shot by Chris Kunitz.
7:13 of 3rd period - Stopped by Tomas Vokoun without a rebound.
7:14 of 3rd period - Chris Kelly wins face-off versus Brendan Morrison in Flyers zone.
7:14 of 3rd period - Dennis Seidenberg is hit by Rostislav Klesla and loses puck.
7:19 of 3rd period - Shot by Dennis Seidenberg.
7:19 of 3rd period - Stopped by Tomas Vokoun without a rebound.
7:20 of 3rd period - Brendan Morrison wins face-off versus Chris Kelly in Flyers zone.
7:20 of 3rd period - Brendan Morrison is hit by Chris Kelly.
7:30 of 3rd period - Shot by Ilya Kovalchuk.
7:30 of 3rd period - Shot Misses the Net.
7:38 of 3rd period - Rich Peverley is hit by Nikolai Kulemin and loses puck.
8:26 of 3rd period - Shot by Jordan Leopold.
8:26 of 3rd period - Shot Blocked by Ladislav Smid.
8:30 of 3rd period - Shot by Jordan Leopold.
8:30 of 3rd period - Goal by Jordan Leopold - Flyers : 1 - Bruins : 2.
8:31 of 3rd period - Mike Santorelli wins face-off versus Derick Brassard in neutral zone.
8:42 of 3rd period - Shot by Niklas Hagman.
8:42 of 3rd period - Stopped by Cam Ward without a rebound.
8:43 of 3rd period - Mike Santorelli wins face-off versus Milan Lucic in Bruins zone.
9:17 of 3rd period - Shot by Patrice Bergeron.
9:17 of 3rd period - Shot Misses the Net.
9:26 of 3rd period - Minor Penalty to Matt DAgostini for Roughing.
9:27 of 3rd period - John Madden wins face-off versus David Krejci in Flyers zone.
9:40 of 3rd period - Shot by Chris Kunitz.
9:40 of 3rd period - Shot Misses the Net.
9:42 of 3rd period - Shot by David Krejci.
9:42 of 3rd period - Goal by David Krejci - Flyers : 1 - Bruins : 3.
9:43 of 3rd period - David Krejci wins face-off versus Tim Connolly in neutral zone.
9:52 of 3rd period - Chris Kunitz is hit by Tim Connolly and loses puck.
10:01 of 3rd period - Shot by Chris Kunitz.
10:01 of 3rd period - Deflect By Ales Hemsky.
10:01 of 3rd period - Shot Misses the Net.
10:03 of 3rd period - Shot by Ales Hemsky.
10:03 of 3rd period - Deflect By David Krejci.
10:03 of 3rd period - Shot Misses the Net.
10:05 of 3rd period - Shot by David Krejci.
10:05 of 3rd period - Shot Misses the Net.
10:07 of 3rd period - Shot by Jordan Leopold.
10:07 of 3rd period - Shot Misses the Net.
10:11 of 3rd period - Shot by David Krejci.
10:11 of 3rd period - Shot Misses the Net.
10:13 of 3rd period - Shot by Tobias Enstrom.
10:13 of 3rd period - Shot Misses the Net.
10:49 of 3rd period - Dennis Seidenberg is hit by Rostislav Klesla.
11:00 of 3rd period - Brendan Morrison is hit by Adam McQuaid and loses puck.
11:40 of 3rd period - Zach Bogosian is hit by Brendan Morrison and loses puck.
11:52 of 3rd period - Minor Penalty to Matt Smaby for Hooking.
11:53 of 3rd period - David Krejci wins face-off versus Mike Santorelli in Flyers zone.
12:08 of 3rd period - Shot by David Krejci.
12:08 of 3rd period - Stopped by Tomas Vokoun without a rebound.
12:09 of 3rd period - Mike Santorelli wins face-off versus David Krejci in Flyers zone.
12:30 of 3rd period - David Krejci is hit by Niklas Hagman and loses puck.
12:56 of 3rd period - Icing by Ales Hemsky.
12:57 of 3rd period - John Madden wins face-off versus David Krejci in Bruins zone.
13:47 of 3rd period - Shot by Jordan Leopold.
13:47 of 3rd period - Stopped by Tomas Vokoun without a rebound.
13:48 of 3rd period - Derick Brassard wins face-off versus Mike Santorelli in Flyers zone.
14:17 of 3rd period - Shot by Justin Williams.
14:17 of 3rd period - Stopped by Cam Ward with a rebound.
14:49 of 3rd period - Shot by Nikolai Kulemin.
14:49 of 3rd period - Stopped by Cam Ward without a rebound.
14:50 of 3rd period - David Krejci wins face-off versus Mike Santorelli in Bruins zone.
14:57 of 3rd period - Shot by Chris Kunitz.
14:57 of 3rd period - Shot Misses the Net.
15:13 of 3rd period - Shot by Ales Hemsky.
15:13 of 3rd period - Shot Blocked by Andreas Lilja.
15:15 of 3rd period - Shot by Ales Hemsky.
15:15 of 3rd period - Deflect By Chris Kunitz.
15:15 of 3rd period - Stopped by Tomas Vokoun without a rebound.
15:16 of 3rd period - Dustin Penner wins face-off versus Patrice Bergeron in Flyers zone.
15:50 of 3rd period - Milan Lucic is hit by Ladislav Smid and loses puck.
16:05 of 3rd period - Shot by Chris Kunitz.
16:05 of 3rd period - Shot Misses the Net.
16:07 of 3rd period - Shot by Ales Hemsky.
16:07 of 3rd period - Stopped by Tomas Vokoun without a rebound.
16:08 of 3rd period - David Krejci wins face-off versus Brendan Morrison in Flyers zone.
16:13 of 3rd period - Minor Penalty to Matt Smaby for Tripping.
16:14 of 3rd period - John Madden wins face-off versus Tyler Seguin in Flyers zone.
16:14 of 3rd period - John Madden is hit by Milan Lucic.
16:28 of 3rd period - Shot by Nathan Horton.
16:28 of 3rd period - Deflect By Tyler Seguin.
16:28 of 3rd period - Stopped by Tomas Vokoun without a rebound.
16:29 of 3rd period - Tyler Seguin wins face-off versus Brendan Morrison in Flyers zone.
16:30 of 3rd period - Shot by Jordan Leopold.
16:30 of 3rd period - Stopped by Tomas Vokoun without a rebound.
16:31 of 3rd period - John Madden wins face-off versus Tyler Seguin in Flyers zone.
16:50 of 3rd period - Shot by Jordan Leopold.
16:50 of 3rd period - Stopped by Tomas Vokoun without a rebound.
16:51 of 3rd period - David Krejci wins face-off versus Mike Santorelli in Flyers zone.
18:35 of 3rd period - Shot by Jordan Leopold.
18:35 of 3rd period - Stopped by Tomas Vokoun without a rebound.
18:36 of 3rd period - Derick Brassard wins face-off versus Brendan Morrison in Flyers zone.
18:39 of 3rd period - Shot by Chris Kunitz.
18:39 of 3rd period - Stopped by Tomas Vokoun without a rebound.
18:40 of 3rd period - Milan Lucic wins face-off versus Tim Connolly in Flyers zone.


Output by the SimonT Hockey Simulator (STHS) for Stephane Roy -- Original Page W3C XHTML 1.0 Valid